 Dungeon Crawl Stone Soup version 0.29.1-12-g30fa7ad0bf (webtiles) character file.

Game seed: 13829045808592423649

30 GigaChad the Conjurer (level 3, -3/14 HPs)
             Began as a Felid Conjurer on Jan 17, 2023.
             Killed from afar by Terence (9 damage)
             ... with a puff of flame
             ... on level 2 of the Dungeon.
             The game lasted 00:02:38 (2143 turns).

GigaChad the Conjurer (Felid Conjurer)              Turns: 2143, Time: 00:02:38

Health: -3/14      AC:  1    Str:  3    XL:     3   Next: 3%
Magic:  5/7        EV: 17    Int: 19    God:
Gold:   38         SH:  0    Dex: 16    Spells: 5/6 levels left
                                        Lives:  0   Deaths: 0

rFire   . . .      SeeInvis +   (weapon unavailable)
rCold   . . .      Faith    .   (shield unavailable)
rNeg    . . .      Spirit   .   (body armour unavailable)
rPois   .          Reflect  .   (helmet unavailable)
rElec   .          Harm     .   (cloak unavailable)
rCorr   .          Rampage  .   (gloves unavailable)
Will    .....                   (boots unavailable)
Stlth   ++........              (no amulet)
HPRegen 0.04/turn               (no ring)
MPRegen 0.10/turn               (no ring)

@: quick
A: very small, claws 1, fangs 3, see invisible, speed 1, shaggy fur 1, stealthy
paws, no weapons or thrown items, no armour, multi-lived
a: no special abilities


You were on level 2 of the Dungeon.
You visited 1 branch of the dungeon, and saw 2 of its levels.

You collected 38 gold pieces.

Inventory:

Scrolls
 b - a scroll of teleportation
 e - a scroll of enchant weapon
Potions
 a - 2 potions of magic
 c - a potion of invisibility {unknown}
 f - a potion of brilliance {unknown}


   Skills:
 + Level 2.9 Dodging
 + Level 2.9 Stealth
 + Level 0.1 Unarmed Combat
 + Level 2.1 Spellcasting
 + Level 4.3 Conjurations


You had 5 spell levels left.
You knew the following spells:

 Your Spells              Type           Power      Damage    Failure   Level
a - Magic Dart            Conj           72%        1d6       2%          1

Your spell library contained the following spells:

 Spells                   Type           Power      Damage    Failure   Level
 Searing Ray              Conj           36%        2d5       4%          2
 Dazzling Flash           Conj/Hex       20%        N/A       21%         3
 Fulminant Prism          Conj/Hex       5%         3d7       56%         4
 Iskenderun's Mystic Bla  Conj/Tloc      10%        2d4       56%         4


Dungeon Overview and Level Annotations

Branches:
Dungeon (2/15)

Altars:

Annotations:
D:2 Terence


Innate Abilities, Weirdness & Mutations

You have sharp claws.
You have razor-sharp teeth.
You have supernaturally acute eyesight. (SInv)
You cover ground quickly. (Speed+)
You are covered in fur. (AC +1)
Your paws help you pounce on unaware monsters.
You are incapable of wielding weapons or throwing items.
You cannot wear armour.
You gain extra lives every three experience levels.


Message History

The hobgoblin is almost dead.
The hobgoblin misses you.
You scratch the hobgoblin.
You kill the hobgoblin!
Found a stone staircase leading up.
Found a stone staircase leading down.
Found a stone staircase leading up.
Terence the Incautious comes into view.
He is wielding a +0 hand axe and carrying a wand of flame (16).
Terence shouts!
Terence zaps a wand.
The puff of flame hits you!
Ouch! That really hurt!
An endoplasm comes into view.
You are too injured to fight recklessly!
You are too injured to fight recklessly!
You are too injured to fight recklessly!
You are too injured to fight recklessly!
There is a stone staircase leading up here.
Terence zaps a wand.
The puff of flame hits you.
* * * LOW HITPOINT WARNING * * *
There is a stone staircase leading up here.
You climb upwards.
There is a stone staircase leading down here.
You start resting.
You start resting.
HP restored.
You start waiting.
Done waiting.
You start waiting.
Done waiting.
You climb downwards.
Level annotation: Terence The endoplasm closely misses you.
There is a stone staircase leading up here.
The magic dart hits Terence but does no damage.
Terence hits you with a +0 hand axe. The endoplasm hits you.
The magic dart hits Terence but does no damage.
The endoplasm freezes you.
You are frozen.
Terence zaps a wand.
The puff of flame hits you!
Ouch! That really hurt!
You die...

########### #.........#
#........># #.........#
#.........# ####.........#
.............# #####
#...@.....#######....
#..@.J.............<.
#..#########.........######.....
...............####### #.....
#.####..#..##### #.##..
#.....<## ...#... #.#J....
####.... .....####. .... ...###
.. ....


You could see Terence and an endoplasm.

Vanquished Creatures
  2 dart slugs (D:1)
  4 bats (D:1)
  3 endoplasms (D:1)
  A giant cockroach (D:1)
  4 hobgoblins
  4 quokkas (D:1)
  A ball python (D:1)
  A goblin (D:1)
  2 kobolds (D:1)
  2 rats (D:1)
24 creatures vanquished.

Notes
Turn   | Place    | Note
-------+----------+-------------------------------------------
     0 | D:1      | GigaChad the Felid Conjurer began the quest for the Orb.
     0 | D:1      | Reached XP level 1. HP: 7/7 MP: 4/4
   484 | D:1      | Reached skill level 4 in Conjurations
   484 | D:1      | Reached XP level 2. HP: 11/11 MP: 0/6
  1368 | D:1      | Reached XP level 3. HP: 14/14 MP: 3/7
  1633 | D:2      | Noticed Terence
  2143 | D:2      | Killed from afar by Terence

Illustrated notes

Levels and vault maps discovered:
D:1:      tarquinn_simple_flora_water_c, layout_basic, hex_medium
D:2:      layout_rooms, uniq_terence

Skill      XL: |  1 |
---------------+----+-----
Conjurations   | 4 |  4.3
Dodging        | |  2.9
Stealth        | |  2.9
Unarmed Combat | |  0.1
Spellcasting   | |  2.1

Action                   || total
-------------------------++-------
Melee: Unarmed           ||    16
       Bite              ||     2
       Punch             ||     1
 Cast: Magic Dart        ||    51
  Use: Scroll            ||     2
 Stab: Sleeping          ||     1
Armor: Skin              ||     2
Dodge: Dodged            ||    24
